 Dungeon Crawl Stone Soup version 0.19-GnollCrawlA-1-g03664ee (webtiles) character file.

1407 MordorOrchid the Skirmisher (level 1, -3/26 HPs)
             Began as a Troll Wanderer on Apr 12, 2019.
             Was a Priest of Qazlal.
             Slain by MordorOrchid's ghost (20 damage)
             ... on level 1 of the Orcish Mines.
             The game lasted 00:46:28 (7942 turns).

MordorOrchid the Skirmisher (Troll Wanderer)        Turns: 7942, Time: 00:46:28

Health: -3/26      AC:  7    Str: 20    XL:     1   Next: 0%
Magic:  0/0        EV:  9    Int:  9    God:    Qazlal [***...]
Gold:   476        SH:  4    Dex:  9    Spells: 0 memorised, 0 levels left

rFire  + . .     SeeInvis .     p - +4 spear (pierce)
rCold  . . .     Gourm    +     s - +2 robe
rNeg   . . .     Faith    +     (no shield)
rPois  .         Spirit   .     (helmet restricted)
rElec  .         Dismiss  .     (no cloak)
rCorr  +         Reflect  .     (gloves unavailable)
SustAt .         Harm     .     (boots unavailable)
MR     .....                    o - amulet of faith
Stlth  +.........               I - ring of resist corrosion
                                C - ring of protection from fire

@:
A: unfitting armour, claws 3, fast metabolism 3, gourmand, regeneration 2,
shaggy fur 1, strong 1, tough skin 2
a: Upheaval, Elemental Force, Renounce Religion


You were on level 1 of the Orcish Mines.
You worshipped Qazlal.
Qazlal was most pleased with you.
You were very full.

You visited 3 branches of the dungeon, and saw 12 of its levels.

You collected 476 gold pieces.

Inventory:

Hand Weapons
 a - a +2 flail of holy wrath
 b - a +0 blowgun
 j - a +0 hunting sling
 l - a +0 spear
 p - a +4 spear of piercing (weapon)
 r - a +1 halberd of flaming
 E - a +1 flail of protection
 K - a cursed -3 spear
Missiles
 e - 241 stones (quivered)
 g - 55 arrows
 h - 38 bolts
 i - 40 sling bullets
 n - 17 poisoned needles
 L - 7 needles of sleeping
 Q - 2 throwing nets
Armour
 s - a +2 robe (worn)
Jewellery
 m - an uncursed amulet of guardian spirit
 o - an amulet of faith (around neck)
 C - a ring of protection from fire (left claw)
 D - an uncursed ring of protection from magic
 I - a ring of resist corrosion (right claw)
Wands
 J - a wand of random effects (36/48)
 M - a wand of polymorph (0/24)
 P - a wand of paralysis (12/24)
 S - a wand of slowing (16/48)
Scrolls
 q - 2 scrolls of enchant weapon {unknown}
 t - 3 scrolls of amnesia {unknown}
 v - a scroll of fear {unknown}
 w - 2 scrolls of magic mapping {unknown}
 F - 2 scrolls of immolation {unknown}
 G - a scroll of fog {unknown}
 H - a scroll of recharging {unknown}
 O - a scroll of teleportation
 R - a scroll of vulnerability {unknown}
Potions
 c - 2 potions of curing
 f - 4 potions of lignification
 k - a potion of cancellation
 u - a potion of brilliance
 x - a potion of heal wounds {unknown}
 z - 2 potions of magic
 A - a potion of resistance {unknown}
 B - a potion of agility
Comestibles
 d - 2 bread rations


   Skills:
 + Level 4.9 Fighting
   Level 1.0 Axes
 + Level 1.0 Throwing
 + Level 1.0 Dodging
 + Level 1.0 Stealth


You couldn't memorise any spells.
You didn't know any spells.

Dungeon Overview and Level Annotations

Branches:
Dungeon (10/15)            Temple (1/1) D:1            Lair (0/6) D:8
    Orc (1/2) D:10

Altars:
Ashenzari
Cheibriados
Dithmenos
Elyvilon
Fedhas
Gozag
Hepliaklqana
Kikubaaqudgha
Makhleb
Nemelex Xobeh
Okawaru
Pakellas
Qazlal
Ru
Sif Muna
Trog
Uskayaw
Vehumet
Xom
Yredelemnul
Zin
The Shining One

Annotations:
Orc:1 MordorOrchid's ghost, weakling OgBe


Innate Abilities, Weirdness & Mutations

You are too large for most types of armour.
You have claws for hands.
Your metabolism is lightning-fast.
You like to eat raw meat.
You heal very quickly.
You are covered in fur. (AC +1)
You have very tough skin. (AC +2)
Your muscles are strong. (Str +2)


Message History

Evoke which item? (* to show all) (? for menu, Esc to quit)
Zapping:
M - a wand of polymorph {zapped: 3} (will waste charges)
Press: ? - help, Shift-Dir - straight line, f/p - MordorOrchid's ghost
Aim: MordorOrchid's ghost, wielding a weapon of speed (moderately damaged, slow, chance to defeat MR: 58%) MordorOrchid's ghost is unaffected.
Evoking this partially-identified wand wasted a few charges.
Evoke which item? (* to show all) (? for menu, Esc to quit)
Zapping:
M - a wand of polymorph {zapped: 6} (will waste charges)
Press: ? - help, Shift-Dir - straight line, f/p - MordorOrchid's ghost
Aim: MordorOrchid's ghost, wielding a weapon of speed (moderately damaged, slow, chance to defeat MR: 58%) MordorOrchid's ghost is unaffected.
Evoking this partially-identified wand wasted a few charges.
MordorOrchid's ghost closely misses you.
You hit MordorOrchid's ghost.
MordorOrchid's ghost is moderately damaged.
You hit MordorOrchid's ghost but do no damage.
MordorOrchid's ghost is moderately damaged.
MordorOrchid's ghost hits you!!
Ouch! That really hurt!
You die...

....................
....................
.(..........#......
.................$.
...............##..
...............#
...............##
......).W.......##.##
........@§..........#
#......>§.............
....##..<.........#.#.
#.# ##.#...#.#..## # #
############


You could see MordorOrchid's ghost.

Vanquished Creatures
  142 gnolls
  The ghost of MordorOrchid the Shield-Bearer, a weakling TrFi of Uskayaw (D:7)
143 creatures vanquished.

Notes
Turn   | Place    | Note
-------+----------+-------------------------------------------
     0 | D:1      | MordorOrchid the Troll Wanderer began the quest for the Orb.
     0 | D:1      | MordorOrchid set off with: a +2 robe, a +0 hand axe, a potion of curing, 2 bread rations
     0 | D:1      | Reached XP level 1. HP: 26/26 MP: 0/0
  1109 | D:1      | Found a staircase to the Ecumenical Temple.
  1120 | Temple   | Entered the Ecumenical Temple
  1304 | Temple   | Became a worshipper of Qazlal Stormbringer
  2497 | D:3      | Found an opulent altar of Gozag.
  3094 | D:3      | Found a basalt altar of Yredelemnul.
  3480 | D:3      | Reached * piety under Qazlal
  4231 | D:4      | Found an oddly glowing altar of Pakellas.
  4304 | D:4      | Found a shattered altar of Ashenzari.
  4434 | D:5      | Entered Level 5 of the Dungeon
  4831 | D:5      | Reached ** piety under Qazlal
  5470 | D:6      | Found an oddly glowing altar of Pakellas.
  5881 | D:7      | Noticed MordorOrchid's ghost (weakling TrFi)
  5887 | D:7      | Killed MordorOrchid's ghost
  6308 | D:7      | Reached *** piety under Qazlal
  6699 | D:8      | Found a staircase to the Lair.
  7395 | D:10     | Entered Level 10 of the Dungeon
  7684 | D:10     | Gained mutation: Your muscles are strong. (Str +2) [potion of beneficial mutation]
  7804 | D:10     | Found a staircase to the Orcish Mines.
  7891 | Orc:1    | Entered Level 1 of the Orcish Mines
  7925 | Orc:1    | Noticed MordorOrchid's ghost (weakling OgBe)
  7942 | Orc:1    | Slain by MordorOrchid's ghost

Action                   || total
-------------------------++-------
Melee: Halberd           ||   350
       Spear             ||   201
       Hand axe          ||    40
 Fire: Hunting sling     ||     4
Throw: Javelin           ||    96
       Stone             ||    18
Evoke: Wand              ||    10
  Use: Scroll            ||     9
       Potion            ||     3
 Stab: Sleeping          ||     2
       Distracted        ||     1
  Eat: Bread ration      ||     1
Armor: Robe              ||   123
Dodge: Dodged            ||   225
Block: Other             ||    24
